 Dungeon Crawl Stone Soup version 0.22.1-1-ga44c0e5 (webtiles) character file.

278 thomasnlv21 the Chopper (level 6, -4/79 HPs)
             Began as a Minotaur Berserker on Nov 2, 2018.
             Was a Priest of Trog.
             Slain by Ijyb
             ... wielding a +2 dagger of draining
              (5 damage)
             ... on level 4 of the Dungeon.
             The game lasted 00:24:01 (3090 turns).

thomasnlv21 the Chopper (Minotaur Berserker)        Turns: 3090, Time: 00:24:02

Health: -4/79      AC:  7    Str: 29    XL:     6   Next: 5%
Magic:  5/5        EV: 12    Int:  4    God:    Trog [***...]
Gold:   201        SH:  0    Dex: 13    Spells: 5/5 levels left

rFire    + . .     SeeInvis .   a - +0 hand axe
rCold    . . .     Gourm    .   (no shield)
rNeg     . . .     Faith    .   d - +0 ring mail
rPois    .         Spirit   .   (helmet restricted)
rElec    .         Reflect  .   j - scarf {cloud immunity}
rCorr    .         Harm     .   (no gloves)
MR       .....                  e - +1 pair of boots
Stlth    ..........             (no amulet)
HPRegen  0.23/turn              h - +4 ring of dexterity
MPRegen  0.09/turn              (no ring)

@: berserking, drained, very quick
A: retaliatory headbutt, horns 2, fire resistance 1, subdued magic 1
a: Berserk, Trog's Hand, Renounce Religion


You were on level 4 of the Dungeon.
You worshipped Trog.
Trog was most pleased with you.
You were very hungry.

You visited 1 branch of the dungeon, and saw 4 of its levels.

You collected 201 gold pieces.

Inventory:

Hand Weapons
 a - a +0 hand axe (weapon)
Armour
 d - a +0 ring mail (worn)
 e - a +1 pair of boots (worn)
 j - a scarf of cloud immunity (worn)
Jewellery
 h - a +4 ring of dexterity (left hand)
Wands
 f - a wand of paralysis (6)
 k - a wand of iceblast (14)
Scrolls
 b - 2 scrolls of remove curse
 l - a scroll of magic mapping
 m - a scroll of teleportation
 p - a scroll of identify
Potions
 g - 3 potions of curing
Comestibles
 c - 6 rations
 n - a chunk of flesh


   Skills:
 + Level 4.6(4.0) Fighting
 + Level 6.4(5.7) Axes
 + Level 3.4(2.8) Armour
 + Level 3.2(2.6) Dodging
 + Level 1.2(0.6) Stealth


You had 5 spell levels left.
You didn't know any spells.
Your spell library was empty.

Dungeon Overview and Level Annotations

Branches:
Dungeon (4/15)
 Temple: D:4-7

Altars:
Qazlal
Ru

Annotations:
D:4 Grinder, Ijyb


Innate Abilities, Weirdness & Mutations

You reflexively headbutt those who attack you in melee.
You have a pair of horns on your head.
Your flesh is heat resistant. (rF+)
Your spells are a little easier to cast, but a little less powerful.


Message History

Trog accepts your kill.
You have reached level 6!
Your experience leads to an increase in your attributes!
Your base attributes are Str 23, Int 4, Dex 9.
Increase (S)trength, (I)ntelligence, or (D)exterity?
You feel stronger.
Ijyb zaps a wand.
The bolt of acid hits you!
You are splashed with acid!
The acid burns!
You hit Ijyb but do no damage. Your headbutt misses Ijyb.
Ijyb is severely wounded.
You hit Grinder.
Grinder blinks!
Ijyb zaps a wand.
The bolt of acid hits you!
* * * LOW HITPOINT WARNING * * *
You are splashed with acid!
The acid burns!
* * * LOW HITPOINT WARNING * * *
The now-empty wand crumbles to dust.
A red film seems to cover your vision as you go berserk!
You feel yourself moving faster!
You feel mighty!
You are feeling very hungry.
Ijyb hits you with a dagger of draining.
You die...

#..........
#..........
#..........
#..........
#..........
##........#
#..........
#..........
#..@..[....
#.†g§......
#..........
##.........
..........
....#5.....
...........
............


You could see Grinder and Ijyb.

Vanquished Creatures
  A hound (D:4)
  3 orc wizards (D:3)
  7 adders
  An ooze (D:1)
  2 worms (D:2)
  2 dart slugs
  2 leopard geckos
  6 orcs (D:3)
  9 giant cockroaches
  11 goblins
  6 hobgoblins
  5 jackals (D:3)
  7 kobolds
  A quokka (D:2)
  2 ball pythons (D:3)
  7 bats
  6 frilled lizards
  10 rats
88 creatures vanquished.

Notes
Turn   | Place    | Note
-------+----------+-------------------------------------------
     0 | D:1      | thomasnlv21 the Minotaur Berserker began the quest for the
                  | Orb.
     0 | D:1      | Reached XP level 1. HP: 19/19 MP: 0/0
   337 | D:1      | Reached XP level 2. HP: 27/27 MP: 1/1
   361 | D:1      | Reached skill level 4 in Axes
  1076 | D:1      | Reached XP level 3. HP: 33/33 MP: 2/2
  1255 | D:2      | Reached ** piety under Trog
  1362 | D:2      | Found a sacrificial altar of Ru.
  1605 | D:2      | Reached skill level 5 in Axes
  1616 | D:2      | Reached XP level 4. HP: 28/40 MP: 3/3
  1705 | D:2      | Gained mutation: Your spells are a little easier to cast,
                  | but a little less powerful. [potion of mutation]
  1705 | D:2      | Gained mutation: Your flesh is heat resistant. (rF+)
                  | [potion of mutation]
  2433 | D:3      | Reached XP level 5. HP: 46/46 MP: 4/4
  2437 | D:3      | Reached skill level 6 in Axes
  2441 | D:3      | Reached *** piety under Trog
  2491 | D:3      | Reached skill level 1 in Stealth
  2594 | D:3      | Found a stormy altar of Qazlal.
  3078 | D:4      | Noticed Ijyb
  3082 | D:4      | Noticed Grinder
  3088 | D:4      | Reached XP level 6. HP: 50/53 MP: 5/5
  3089 | D:4      | HP: 1/53 [acid (10)]
  3090 | D:4      | Slain by Ijyb

Skill      XL: |  1  2  3  4  5 |
---------------+----------------+-----
Axes           | 4 5 6 |  6.4
Fighting       | 4 |  4.6
Armour         | 3 |  3.4
Dodging        | 3 |  3.2
Stealth        | 1 |  1.2

Action                   |  1- 3 |  4- 6 || total
-------------------------+-------+-------++-------
Melee: Hand axe          |    73 |    81 ||   154
       Headbutt          |     9 |    13 ||    22
Invok: Berserk           |     1 |     3 ||     4
  Use: Potion            |     2 |     4 ||     6
       Scroll            |     4 |     2 ||     6
 Stab: Sleeping          |       |     2 ||     2
  Eat: Chunk             |     2 |     7 ||     9
Armor: Animal skin       |    11 |     1 ||    12
       Ring mail         |       |    27 ||    27
Dodge: Dodged            |    44 |    57 ||   101
